 Dungeon Crawl Stone Soup version 0.25-a0-435-g4b9beb1024 (webtiles) character file.

Game seed: 1810276942916459540, levelgen mode: deterministic

46 Kalelzar2 the Skirmisher (level 3, -3/34 HPs)
             Began as a Minotaur Abyssal Knight on Jan 26, 2020.
             Was a Follower of Lugonu.
             Killed from afar by Natasha (7 damage)
             ... with a magic dart
             ... on level 2 of the Dungeon.
             The game lasted 00:09:33 (1499 turns).

Kalelzar2 the Skirmisher (Minotaur Abyssal Knight)  Turns: 1499, Time: 00:09:34

Health: -3/34      AC:  8    Str: 22    XL:     3   Next: 46%
Magic:  3/3        EV: 11    Int:  9    God:    Lugonu [*.....]
Gold:   115        SH:  0    Dex:  9    Spells: 2/2 levels left

rFire    . . .     SeeInvis .   a - +1 spear
rCold    . . .     Gourm    .   (no shield)
rNeg     . . .     Faith    .   b - +0 leather armour
rPois    .         Spirit   .   h - +2 hat
rElec    .         Reflect  .   (no cloak)
rCorr    .         Harm     .   d - +1 pair of gloves
MR       .....                  j - +0 pair of boots
Stlth    +.........             (no amulet)
HPRegen  0.11/turn              (no ring)
MPRegen  0.08/turn              (no ring)

@: mighty, very slightly contaminated
A: retaliatory headbutt, horns 2
a: Depart the Abyss, Renounce Religion


You were on level 2 of the Dungeon.
You worshipped Lugonu.
Lugonu was aware of your devotion.
You were not hungry.

You visited 1 branch of the dungeon, and saw 2 of its levels.
You visited the Abyss 1 time.

You collected 115 gold pieces.

Inventory:

Hand Weapons
 a - a +1 spear (weapon)
Armour
 b - a +0 leather armour (worn)
 d - a +1 pair of gloves (worn)
 h - a +2 hat (worn)
 j - a +0 pair of boots (worn)
 l - a +0 pair of gloves
Scrolls
 e - 7 scrolls of remove curse
 n - a scroll of identify
Potions
 f - a potion of might
Comestibles
 c - 3 rations
 m - a chunk of flesh


   Skills:
 + Level 4.6 Fighting
 * Level 3.4 Polearms
 + Level 2.8 Armour
 - Level 1.1 Dodging
 - Level 1.7 Invocations


You had 2 spell levels left.
You didn't know any spells.
Your spell library was empty.

Dungeon Overview and Level Annotations

Branches:
Dungeon (2/15)

Altars:

Annotations:
D:2 Natasha


Innate Abilities, Weirdness & Mutations

You reflexively headbutt those who attack you in melee.
You have a pair of horns on your head.


Message History

Blink to where?
Press: ? - help, Dir - move target cursor
As you read the scroll of blinking {iiii}, it crumbles to dust.
Okay, then.
Natasha howls an incantation.
Natasha shimmers violently.
Blink to where?
Press: ? - help, Dir - move target cursor
As you read the scroll of blinking {iiii}, it crumbles to dust.
Natasha howls an incantation.
Natasha's front paws start to glow.
You feel better. Natasha casts a spell at you. The magic dart hits you!
* * * LOW HITPOINT WARNING * * *
It was a potion of might.
You feel very mighty all of a sudden.
Natasha stares at you and mumbles some strange words.
The magic dart hits you!
You die...

#.........#
#.#.####### #...#
##..# #..# ######
##.## #....#
#######..# #....#
#.....h..###.<..#
#.######.@##....#
#.# #..##....# #.#
##..#....# #'##
#..+....# #..#
##.#....# #h.#
#÷#)...#
#..#######....###
#).##....#.÷..#
######..##.!$.#....#


You could see Natasha.

Vanquished Creatures
  2 worms (D:2)
  3 dart slugs
  A leopard gecko (D:2)
  4 bats
  2 giant cockroaches
  6 goblins
  6 hobgoblins
  2 ball pythons
  3 frilled lizards
  2 kobolds
  3 rats
34 creatures vanquished.

Notes
Turn   | Place    | Note
-------+----------+-------------------------------------------
     0 | Abyss:1  | Kalelzar2 the Minotaur Abyssal Knight began the quest for
                  | the Orb.
     0 | Abyss:1  | Reached XP level 1. HP: 19/19 MP: 1/1
    10 | Abyss:1  | Found a shimmering blue altar of Sif Muna.
   195 | Abyss:1  | Noticed an ettin zombie
   195 | Abyss:1  | Noticed an iron imp
   196 | D:1      | Escaped the Abyss
   279 | D:1      | Reached * piety under Lugonu
   290 | D:1      | Reached skill level 4 in Fighting
   295 | D:1      | Reached XP level 2. HP: 27/27 MP: 2/2
  1163 | D:2      | Reached XP level 3. HP: 34/34 MP: 3/3
  1453 | D:2      | Noticed Natasha
  1499 | D:2      | Killed from afar by Natasha

Levels and vault maps discovered:
D:1:      minmay_arrival_split_and_join, layout_rooms
D:2:      minmay_chambers_of_twos, layout_basic, uniq_natasha

Skill      XL: |  1  2 |
---------------+-------+-----
Fighting       | 4 |  4.6
Polearms       | 3 |  3.4
Armour         | |  2.8
Dodging        | |  1.1
Invocations    | |  1.7

Action                   || total
-------------------------++-------
Melee: Spear             ||    92
       Headbutt          ||    12
Invok: Depart the Abyss  ||     1
  Use: Scroll            ||     8
       Potion            ||     2
  Eat: Chunk             ||     2
Armor: Leather armour    ||    18
Dodge: Dodged            ||    55

Table legend:
 A = Non-vault XP
 B = Vault XP
 C = Vault XP percentage of total XP
 D = Non-vault monster count
 E = Vault monster count
 F = Vault count percentage of total count
                 A         B        C        D         E       F
            +---------+---------+-------+---------+---------+-------
      Total |      57 |      10 |  14.9 |      27 |       7 |  20.6
            +---------+---------+-------+---------+---------+-------
        D:1 |      29 |       0 |   0.0 |      16 |       0 |   0.0
        D:2 |      28 |      10 |  26.3 |      11 |       7 |  38.9
            +---------+---------+-------+---------+---------+-------
